 Dungeon Crawl Stone Soup version 0.22.0 (webtiles) character file.

363410 Nilihum the Merfolkian Porcupine (level 22, -1/188 HPs)
             Began as a Merfolk Skald on Aug 9, 2018.
             Was the Champion of Okawaru.
             Killed from afar by a tengu reaver (34 damage)
             ... with a bolt of magma
             ... on level 2 of the Depths on Aug 10, 2018.
             The game lasted 04:42:18 (67322 turns).

Nilihum the Merfolkian Porcupine (Merfolk Skald)   Turns: 67322, Time: 04:42:20

Health: -1/188     AC: 21    Str: 12    XL:     22   Next: 49%
Magic:  20/29      EV: 21    Int: 21    God:    Okawaru [******]
Gold:   1444       SH:  0    Dex: 17    Spells: 9/35 levels left

rFire    . . .     SeeInvis +   a - +5 bardiche (venom)
rCold    + + +     Gourm    .   (shield currently unavailable)
rNeg     . . .     Faith    .   x - +2 ice dragon scales
rPois    .         Spirit   .   n - +2 helmet {SInv}
rElec    +         Reflect  .   j - scarf {rC+ rF+}
rCorr    .         Harm     .   u - +0 pair of gloves of the Shoals {rElec Dex+3}
MR       ++...                  o - +0 pair of boots {Fly}
Stlth    ..........             L - amulet of regeneration {+regen, !d}
HPRegen  0.81/turn              s - ring of wizardry {Wiz+, !d}
MPRegen  0.21/turn              z - ring of protection from magic {MR+, !d}

@: finesse
A: change form in water, swift swim, stealthy swim, low mp 1
}: 2/15 runes: barnacled, gossamer
a: Heroism, Finesse, Renounce Religion, Evoke Flight


You were on level 2 of the Depths.
You worshipped Okawaru.
Okawaru was exalted by your worship.
You were not hungry.

You visited 8 branches of the dungeon, and saw 38 of its levels.
You also visited: Sewer.

You collected 4104 gold pieces.
You spent 2660 gold pieces at shops.

Inventory:

Hand Weapons
 a - a +5 bardiche of venom (weapon)
   (You found it on level 1 of the Lair of Beasts)
 b - a +2 glaive of flaming
   (You took it off an orc warrior on level 2 of the Orcish Mines)
 Y - a +4 demon trident of piercing
   (You took it off a hell knight on level 1 of the Depths)
Missiles
 l - 8 curare-tipped needles
 w - 3 throwing nets {=f, !d}
 W - 2 javelins (quivered)
Armour
 j - a scarf of resistance (worn)
   (You found it on level 4 of the Dungeon)
 n - a +2 helmet of see invisible (worn)
   (You found it on level 4 of the Lair of Beasts)
 o - a +0 pair of boots of flying (worn)
   (Okawaru gifted it to you on level 2 of the Orcish Mines)
 u - the +0 pair of gloves of the Shoals (worn) {rElec Dex+3}
   (Okawaru gifted it to you on level 2 of the Vaults)

   It affects your dexterity (+3).
   It insulates you from electricity.
 x - +2 ice dragon scales (worn)
   (Okawaru gifted it to you on level 1 of the Shoals)
 D - a scarf of repulsion
   (You found it on level 2 of the Depths)
 E - a +1 chain mail of fire resistance
   (Okawaru gifted it to you on level 2 of the Depths)
 K - a scarf of cloud immunity
   (Okawaru gifted it to you on level 4 of the Spider Nest)
 Q - a +0 cloak of magic resistance
   (Okawaru gifted it to you on level 5 of the Lair of Beasts)
Jewellery
 h - an uncursed ring of protection from cold {rC+, !d}
   (You found it on level 2 of the Depths)
 i - an uncursed ring of wizardry {Wiz+, !d}
   (You found it on level 1 of the Dungeon)
 p - an uncursed ring of protection from cold {rC+, !d}
   (You took it off a vampire knight on level 2 of the Depths)
 s - a ring of wizardry (left hand) {Wiz+, !d}
   (You took it off a merfolk on level 1 of the Shoals)
 v - the ring "Qirekod" {Wiz *Slow Str+2 Int+2 Stlth+}
   (You took it off a frost giant on level 2 of the Depths)

   [ring of wizardry]

   It improves your spell success rate.
   It affects your strength (+2).
   It affects your intelligence (+2).
   It may slow you when you take damage.
   It makes you more stealthy.
 y - an uncursed ring of fire {rF+, rC-}
   (You found it on level 1 of the Depths)
 z - a ring of protection from magic (right hand) {MR+, !d}
   (You took it off a deep elf sorcerer on level 3 of the Vaults)
 B - an uncursed ring of see invisible {sInv, !d}
   (You found it on level 2 of the Depths)
 L - an amulet of regeneration (around neck) {+regen, !d}
   (You found it on level 1 of the Lair of Beasts)
 Z - the ring of Doseapn {rPois EV-2}
   (You found it on level 15 of the Dungeon)

   [ring of evasion]

   It affects your evasion (-2).
   It protects you from poison.
Wands
 k - a wand of flame (42)
   (You took it off a crimson imp on level 2 of the Depths)
 V - a wand of digging (16)
   (You found it on level 6 of the Lair of Beasts)
Scrolls
 c - 23 scrolls of remove curse
 f - 9 scrolls of amnesia
 r - 6 scrolls of magic mapping {!r}
 F - 2 scrolls of identify
 G - 3 scrolls of fog
Potions
 e - 13 potions of curing
 g - 6 potions of brilliance
 m - a potion of invisibility
 q - 2 potions of flight
 t - 2 potions of might
 A - a potion of resistance
 C - 2 potions of agility
 M - 7 potions of ambrosia
 P - a potion of cancellation
 X - 2 potions of mutation {!q}
Comestibles
 d - 33 rations


   Skills:
 + Level 19.6 Fighting
 O Level 27 Polearms
 - Level 2.9 Throwing
 - Level 10.7 Armour
 + Level 21.9 Dodging
 - Level 7.0 Spellcasting
 - Level 8.0 Hexes
 - Level 10.0 Charms
 - Level 5.0 Translocations
 - Level 8.1 Invocations


You had 9 spell levels left.
You knew the following spells:

 Your Spells              Type           Power        Failure   Level  Hunger
a - Infusion              Chrm           ####         1%          1    None
b - Swiftness             Chrm/Air       ####....     3%          2    None
c - Blink                 Tloc           N/A          3%          2    None
d - Passage of Golubria   Tloc           N/A          21%         4    ###....
e - Cause Fear            Hex            #####.....   6%          4    ###....
f - Silence               Hex/Air        ###.......   63%         5    #####..
r - Regeneration          Chrm/Necr      ####......   6%          3    #......
s - Shroud of Golubria    Chrm/Tloc      #####.....   1%          2    None
z - Spectral Weapon       Hex/Chrm       #####...     1%          3    #......

Your spell library contained the following spells:

 Spells                   Type           Power        Failure   Level  Hunger
 Magic Dart               Conj           #...         16%         1    None
 Fireball                 Conj/Fire      #.........   98%         5    #####..
 Conjure Flame            Conj/Fire      #.......     43%         3    #......
 Bolt of Cold             Conj/Ice       #.........   100%        6    ######.
 Slow                     Hex            #####...     1%          2    None
 Confuse                  Hex            #####...     1%          3    #......
 Throw Flame              Conj/Fire      #.....       26%         2    None
 Freezing Cloud           Conj/Ice/Air   #.........   100%        6    ######.
 Teleport Other           Tloc           ####....     6%          3    #......
 Summon Small Mammal      Summ           #...         16%         1    None
 Iskenderun's Mystic Bla  Conj           #.......     82%         4    ###....
 Ozocubu's Refrigeration  Ice            #.........   100%        6    ######.
 Sticky Flame             Conj/Fire      #.......     82%         4    ###....
 Summon Ice Beast         Ice/Summ       #.......     82%         4    ###....
 Call Imp                 Summ           #.......     26%         2    None
 Sublimation of Blood     Necr           #.........   26%         2    None
 Tukima's Dance           Hex            #####...     1%          3    #......
 Summon Demon             Summ           #.........   98%         5    #####..
 Stone Arrow              Conj/Erth      #.....       43%         3    #......
 Spider Form              Tmut/Pois      #.........   43%         3    #......
 Blade Hands              Tmut           #.........   98%         5    #####..
 Ice Form                 Ice/Tmut       #.......     82%         4    ###....
 Shadow Creatures         Summ           N/A          100%        6    ######.
 Flame Tongue             Conj/Fire      #....        16%         1    None
 Passwall                 Tmut/Erth      #.......     26%         2    None
 Ignite Poison            Fire/Tmut/Pois #.......     43%         3    #......
 Sticks to Snakes         Tmut           #.......     26%         2    None
 Call Canine Familiar     Summ           #.......     43%         3    #......
 Ensorcelled Hibernation  Hex/Ice        ###...       4%          2    None
 Metabolic Englaciation   Hex/Ice        ###.......   63%         5    #####..
 Corona                   Hex            #####..      1%          1    None
 Alistair's Intoxication  Tmut/Pois      #.......     98%         5    #####..
 Lee's Rapid Deconstruct  Erth           #.........   98%         5    #####..
 Sandblast                Erth           #.....       16%         1    None
 Simulacrum               Ice/Necr       #.........   100%        6    ######.
 Portal Projectile        Hex/Tloc       ####..       3%          3    #......
 Petrify                  Tmut/Erth      #.......     82%         4    ###....
 Leda's Liquefaction      Hex/Erth       ###.......   32%         4    ###....
 Darkness                 Hex            #####.....   65%         6    ######.
 Inner Flame              Hex/Fire       ###.....     10%         3    #......
 Beastly Appendage        Tmut           #.....       16%         1    None
 Fulminant Prism          Conj/Hex       ###.......   32%         4    ###....
 Dazzling Spray           Conj/Hex       ###...       10%         3    #......
 Force Lance              Conj/Tloc      ###.....     50%         4    ###....
 Song of Slaying          Chrm           #####...     1%          2    None
 Searing Ray              Conj           #.....       26%         2    None
 Summon Lightning Spire   Summ/Air       #.......     82%         4    ###....
 Summon Guardian Golem    Hex/Summ       ###.....     10%         3    #......
 Irradiate                Conj/Tmut      #.........   98%         5    #####..
 Gell's Gravitas          Tloc           ####......   6%          3    #......
 Lesser Beckoning         Tloc           ####......   6%          3    #......
 Borgnjor's Vile Clutch   Necr/Erth      #.........   98%         5    #####..


Dungeon Overview and Level Annotations

Branches:
Dungeon (15/15)            Temple (1/1) D:5            Lair (6/6) D:10
 Shoals (4/4) Lair:2       Spider (4/4) Lair:3        Slime (0/5) Lair:6
    Orc (2/2) D:10            Elf (0/3) Orc:2        Vaults (4/5) D:14
  Crypt (0/3) Vaults:3     Depths (2/5) D:15

Altars:
Ashenzari
Cheibriados
Dithmenos
Elyvilon
Fedhas
Gozag
Hepliaklqana
Kikubaaqudgha
Makhleb
Nemelex Xobeh
Okawaru
Qazlal
Ru
Sif Muna
Trog
Uskayaw
Vehumet
Wu Jian
Xom
Yredelemnul
Zin
The Shining One
Beogh
Jiyva

Shops:
D:6 ?*(   D:8 !   D:12 **   D:14 (   Orc:2 :%*(   Vaults:1 %   Vaults:4 ?

Portals:
Hell: Depths:1 Depths:2
Abyss: Depths:2
Trove: D:10 (give +4 fire dragon scales)

Annotations:
D:5 4 runed doors, 2 transporters, Lilu's ghost, novice OpAs
D:7 1 runed door
D:8 3 runed doors, Nilihum's ghost, novice MfGl
D:9 exclusion: Psyche, Psyche
D:12 Azrael
D:14 1 runed door
Lair:1 3 runed doors, Nilihum's ghost, novice MfSk
Lair:2 exclusion: oklob plant
Lair:5 2 transporters, Zygeom's ghost, journeyman MiFi
Shoals:4 Ilsuiw; Louise
Spider:1 3 runed doors, Qoxzaag's ghost, adept MfGl


Innate Abilities, Weirdness & Mutations

You revert to your normal form in water.
You are very nimble and swift while swimming.
You are very stealthy in the water. (Stealth+)
Your magical capacity is low. (-10% MP)


Message History

You now have 26/29 mp.
Your skin is crawling a little less now.
You regained 2 hp, and now have 87/188 hp.
You regained 2 hp, and now have 89/188 hp.
You regained 2 hp, and now have 91/188 hp.
You regained 2 hp, and now have 93/188 hp.
Your skin stops crawling.
You start resting.
Health restored: 188; MP restored: 29 You see here 13 bolts.
The tengu reaver shouts!
The tengu reaver mumbles some strange words.
A battlesphere comes into view.
The tengu reaver points at you and mumbles some strange words.
The fireball explodes!
The fireball engulfs you!
The battlesphere fires!
The barrage of energy hits you!
You take 25 damage, and have 163/188 hp.
You draw out your weapon's spirit!
You now have 26/29 mp.
Attack whom?
Aim: a juggernaut You reach to attack!
You hit the juggernaut but do no damage.
The juggernaut is poisoned.
Your spectral weapon hits the juggernaut!
The juggernaut looks as sick as possible!
The juggernaut hits your spectral weapon!
Your spectral weapon shares its damage with you!
The juggernaut hits your spectral weapon!!
Your spectral weapon shares its damage with you!
Your spectral weapon fades away.
You take 12 damage, and have 162/188 hp.
Attack whom?
Aim: a juggernaut (lightly wounded, poisoned)
You reach to attack!
You slash the juggernaut!
The juggernaut looks as sick as possible!
You draw out your weapon's spirit!
You now have 23/29 mp.
You can now deal lightning-fast blows.
You now have 18/29 mp.
You hit the juggernaut but do no damage.
The juggernaut looks as sick as possible!
You slice the juggernaut!!
The juggernaut looks as sick as possible!
Your spectral weapon hits the juggernaut from afar.
The juggernaut looks as sick as possible!
You slash the juggernaut!
The juggernaut looks as sick as possible!
The juggernaut hits you!!! The juggernaut completely misses you.
Your spectral weapon hits the juggernaut from afar!
The juggernaut looks as sick as possible!
You take 57 damage, and have 108/188 hp.
MASSIVE DAMAGE!!
You slash the juggernaut!
The juggernaut looks as sick as possible!
You hit the juggernaut.
Your spectral weapon barely misses the juggernaut.
You hit the juggernaut but do no damage.
The juggernaut looks as sick as possible!
Your spectral weapon hits the juggernaut from afar!
The juggernaut looks as sick as possible!
You hit the juggernaut but do no damage.
The juggernaut looks as sick as possible!
Your spectral weapon hits the juggernaut from afar!
The juggernaut looks as sick as possible!
Your ice dragon scales prevents you from hitting the juggernaut.
You hit the juggernaut but do no damage.
The juggernaut looks as sick as possible!
Your spectral weapon hits the juggernaut from afar!
You slash the juggernaut!
The juggernaut looks as sick as possible!
Your spectral weapon hits the juggernaut from afar!
The juggernaut looks as sick as possible!
You hit the juggernaut.
The juggernaut looks as sick as possible!
The juggernaut completely misses you. The juggernaut misses you.
Your spectral weapon hits the juggernaut from afar.
The juggernaut looks as sick as possible!
You slash the juggernaut!
You kill the juggernaut!
Okawaru is honoured by your kill.
Attack whom?
Aim: a tengu reaver, wielding a long sword, wearing a scale mail and wearing a buckler You reach to attack!
The tengu reaver blocks your attack.
Attack whom?
Aim: a tengu reaver, wielding a long sword, wearing a scale mail and wearing a buckler You reach to attack!
The tengu reaver blocks your attack.
The tengu reaver points at you and mumbles some strange words.
The bolt of magma hits you!
The bolt of magma hits your spectral weapon.
Your spectral weapon partially resists.
Your spectral weapon shares its damage with you!
* * * LOW HITPOINT WARNING * * *
The battlesphere fires!
The barrage of energy hits you!
* * * LOW HITPOINT WARNING * * *
You take 78 damage, and have 33/188 hp.
MASSIVE DAMAGE!!
The tengu reaver gestures at you while chanting.
The bolt of magma hits you!
You die...

######### ####.......###
##.........*..####
##......######Q@(.##
##....####.....###..##
#....## #.#########..##
#...## #.##.###).##..#
#..## #.###.#.##.##.#
...# #.###.#.#####.##
...###...#...##.#####..#
.C#.#########.##....##.#
..#.##..#..##.#.####.#.#


You could see a tengu reaver, a battlesphere and a friendly spectral bardiche of
venom.

Vanquished Creatures
  2 juggernauts (Depths:2)
  Saint Roka (Orc:2)
  Frederick (Vaults:2)
  A lich (Vaults:4)
  Rupert (Lair:3)
  2 titans
  5 sphinxes
  Agnes (D:14)
  Polyphemus (Shoals:2)
  2 shadow dragons (Depths:2)
  2 tengu reavers (Vaults:4)
  Gastronok (D:12)
  Kirke (D:14)
  4 frost giants
  11 vault wardens
  4 fire giants
  3 ghost moths (Spider:4)
  5 deep elf sorcerers
  An orc warlord (Orc:2)
  4 emperor scorpions
  4 entropy weavers
  13 ironheart preservers
  2 war gargoyles
  7 very ugly things
  5 stone giants
  A deep elf demonologist (Vaults:3)
  2 vampire knights (Depths:2)
  A spark wasp (shapeshifter) (Vaults:4)
  Snorg (D:10)
  A crystal guardian (Vaults:4)
  2 merfolk javelineers
  6 merfolk impalers
  A deep elf death mage (Vaults:3)
  A jiangshi (Vaults:3)
  6 ettins
  2 fire dragons (Depths:1)
  13 yaktaur captains
  Erolcha (D:9)
  3 great orbs of eyes
  A spriggan air mage (Depths:2)
  12 vault guards
  9 hydras
  3 rakshasas
  4 merfolk avatars
  A catoblepas (Shoals:2)
  An alligator snapping turtle (Shoals:2)
  6 ice dragons
  8 ogre magi
  3 satyrs
  4 death knights
  A merfolk aquamancer (Lair:2)
  A queen ant (shapeshifter) (Vaults:1)
  6 centaur warriors
  Erica (D:10)
  24 two-headed ogres
  A queen ant (Lair:3)
  3 tengu warriors (Depths:1)
  5 deep troll earth magi
  A deep troll shaman (Depths:1)
  15 death yaks
  5 orc high priests (Orc:2)
  4 deep elf knights
  4 hell knights (Depths:1)
  A small abomination (Vaults:3)
  8 skeletal warriors
  A spark wasp zombie (D:15)
  A storm dragon skeleton (Vaults:4)
  An unseen horror (shapeshifter) (Vaults:3)
  10 sea snakes
  15 deep trolls
  3 unseen horrors
  17 orc knights
  6 flayed ghosts
  5 glowing orange brains
  4 phantasmal warriors
  A tengu zombie (D:15)
  6 necromancers
  16 ironbrand convokers
  12 orb spiders
  2 wizards (Vaults:3)
  A deep elf archer (Vaults:3)
  8 harpies
  13 deep elf magi
  2 mana vipers (shapeshifter)
  10 manticores
  23 wolf spiders
  A human zombie (Vaults:2)
  7 orc sorcerers (Orc:2)
  37 ugly things
  A shadow dragon skeleton (Vaults:4)
  A moth of wrath (Spider:4)
  Joseph (D:10)
  13 cyclopes
  A black mamba (Lair:5)
  14 fauns
  20 elephants
  7 merfolk sirens
  4 water nymphs
  A frost giant skeleton (Vaults:4)
  A rust devil (Depths:1)
  4 centaur zombies
  14 vault sentinels
  A torpor snail (Spider:1)
  2 eyes of devastation (Vaults:4)
  31 spiny frogs
  2 torpor snails (shapeshifter)
  A kobold demonologist (D:11)
  A rime drake (Lair:6)
  38 yaktaurs
  8 komodo dragons
  11 demonic crawlers
  11 freezing wraiths
  A yaktaur (shapeshifter) (Vaults:2)
  A guardian mummy (D:15)
  16 trolls
  A queen bee (D:8)
  2 jumping spiders (shapeshifter)
  2 polar bears
  14 merfolk
  4 tyrant leeches
  A yaktaur skeleton (Vaults:4)
  A troll (shapeshifter) (Vaults:3)
  3 meliai (D:13)
  20 jumping spiders
  A meliai (shapeshifter) (Vaults:4)
  A dream sheep (shapeshifter) (Vaults:2)
  4 wind drakes
  2 hornets (shapeshifter)
  33 blink frogs
  10 hornets
  18 slime creatures
  11 hippogriffs
  A fire dragon zombie (D:15)
  6 dream sheep
  67 redbacks
  17 tarantellas
  A redback (shapeshifter) (Vaults:2)
  8 snapping turtles
  2 spriggans
  6 shadows
  3 fire elementals (D:12)
  A hog (shapeshifter) (Depths:1)
  3 hogs (D:14)
  9 water elementals
  7 wraiths
  3 wyverns
  5 basilisks
  22 yaks
  6 vampire mosquitoes
  2 human simulacra (Vaults:2)
  2 hungry ghosts
  13 wargs
  25 soldier ants (Lair:4)
  3 hell hounds (D:12)
  15 water moccasins
  7 porcupines
  A soldier ant (shapeshifter) (Depths:1)
  2 human skeletons
  2 floating eyes (Depths:2)
  3 phantoms
  A floating eye (shapeshifter) (Vaults:4)
  58 orc warriors
  4 sky beasts
  2 ice beasts
  A black bear (Lair:3)
  34 ogres
  8 boggarts
  2 eyes of draining
  12 wolves
  12 centaurs
  12 crocodiles
  A big kobold (D:8)
  26 bullfrogs
  A gnoll sergeant (D:8)
  2 scorpions
  19 killer bees
  9 wights
  5 howler monkeys
  8 electric eels
  13 crimson imps
  A bullfrog zombie (D:5)
  6 hounds
  A quasit (D:7)
  4 jellies
  A bullfrog skeleton (D:5)
  39 orc priests
  28 orc wizards
  6 centaur skeletons
  Terence (D:3)
  2 iguanas
  29 worker ants
  7 hell rats
  A killer bee zombie (D:5)
  A hound skeleton (D:5)
  7 gnolls (D:8)
  16 adders
  3 shadow imps
  An ufetubus (Vaults:3)
  2 adder zombies
  2 worms
  10 leopard geckos
  132 orcs
  7 ball pythons
  11 bats
  8 giant cockroaches
  11 goblins
  8 hobgoblins
  9 jackals
  6 quokkas
  6 frilled lizards
  A jackal skeleton (D:5)
  A jackal zombie (D:7)
  21 kobolds
  A leopard gecko skeleton (D:5)
  2 rats
  9 plants
  A spectral weapon (Lair:3)
1667 creatures vanquished.

Vanquished Creatures (collateral kills)
  A spriggan defender (Depths:2)
  A jumping spider (Spider:4)
2 creatures vanquished.

Vanquished Creatures (others)
  A sea snake (Shoals:4)
  A redback (Spider:1)
  2 orc wizards (Vaults:2)
  A shadow imp (D:14)
  8 fungi
  47 plants
  52 spectral weapons
112 creatures vanquished.

Grand Total: 1781 creatures vanquished

Notes
Turn   | Place    | Note
-------+----------+-------------------------------------------
     0 | D:1      | Nilihum the Merfolk Skald began the quest for the Orb.
     0 | D:1      | Reached XP level 1. HP: 16/16 MP: 3/3
   138 | D:1      | Reached XP level 2. HP: 15/23 MP: 1/5
   313 | D:1      | Learned a level 2 spell: Shroud of Golubria
   413 | D:1      | Reached skill level 3 in Dodging
   628 | D:1      | Reached XP level 3. HP: 21/28 MP: 6/6
  1065 | D:2      | Reached skill level 4 in Polearms
  1612 | D:2      | Reached XP level 4. HP: 32/34 MP: 7/7
  1949 | D:3      | Noticed Terence
  2023 | D:3      | Learned a level 3 spell: Regeneration
  2505 | D:3      | Reached skill level 3 in Fighting
  2505 | D:3      | Reached XP level 5. HP: 22/41 MP: 8/8
  3255 | D:3      | Reached skill level 5 in Polearms
  3634 | D:2      | Learned a level 3 spell: Spectral Weapon
  3654 | D:3      | Nilihum: ??terr
  3654 | D:3      | beem: terr ~ tear[1/1]: * (char=tear) has won once in 1 games (100.00%): 1xTeAr
  3654 | D:3      | Nilihum: ??terrance
  3654 | D:3      | beem: terrance ~ terrence ~ terence[1/1]: A unique human fighter generally regarded as a pushover, though he occasionally spawns with a wand in which case he can be fairly dangerous.
  4169 | D:4      | Got a shimmering hand axe
  4182 | D:4      | Noticed an ogre
  4217 | D:4      | Noticed a phantom
  4277 | D:4      | Killed a phantom
  4277 | D:4      | Reached skill level 4 in Dodging
  4277 | D:4      | Reached skill level 4 in Charms
  4277 | D:4      | Reached XP level 6. HP: 14/47 MP: 0/10
  4286 | D:4      | HP: 10/47 [worker ant (5)]
  4606 | D:3      | Killed Terence
  4651 | D:4      | Reached skill level 6 in Polearms
  4651 | D:4      | Reached skill level 3 in Spellcasting
  4939 | D:4      | Noticed a phantom
  4979 | D:4      | Killed a phantom
  5113 | D:4      | Reached XP level 7. HP: 37/53 MP: 5/11
  5575 | D:5      | Entered Level 5 of the Dungeon
  5604 | D:4      | Reached skill level 4 in Fighting
  5711 | D:5      | Found a glowing drain.
  5714 | D:5      | Found a large runed door.
  5714 | D:5      | Found a large runed door.
  5764 | D:5      | Reached skill level 7 in Polearms
  5881 | D:5      | Reached skill level 5 in Dodging
  6030 | Sewer    | Entered a sewer
  6848 | D:5      | Found a white marble altar of Elyvilon.
  6852 | D:5      | Found a shattered altar of Ashenzari.
  6855 | D:5      | Found a sparkling altar of Nemelex Xobeh.
  6908 | D:5      | Found a transporter.
  6910 | D:5      | Found a transporter.
  6911 | D:5      | Noticed Lilu's ghost (novice OpAs)
  7107 | D:5      | Reached skill level 5 in Charms
  7401 | D:5      | Found a staircase to the Ecumenical Temple.
  7422 | Temple   | Entered the Ecumenical Temple
  7476 | Temple   | Became a worshipper of Warmaster Okawaru
  7617 | D:5      | Found a large runed door.
  7617 | D:5      | Found a large runed door.
  7639 | D:5      | Reached XP level 8. HP: 61/61 MP: 13/13
  7698 | D:5      | Reached skill level 8 in Polearms
  7934 | D:5      | Noticed a yak
  8238 | D:5      | Got a translucent flail
  8282 | D:5      | Reached skill level 4 in Spellcasting
  8377 | D:5      | Reached skill level 5 in Fighting
  8377 | D:5      | Reached skill level 6 in Dodging
  8463 | D:5      | Killed a yak
  8463 | D:5      | Reached * piety under Okawaru
  8463 | D:5      | Reached skill level 9 in Polearms
  8477 | D:5      | Found a hide-covered altar of Uskayaw.
  8479 | D:5      | Found a deep blue altar of Sif Muna.
  8481 | D:5      | Found a bloodstained altar of Trog.
  8482 | D:5      | Found an ancient bone altar of Kikubaaqudgha.
  9195 | D:6      | Reached XP level 9. HP: 34/68 MP: 7/15
  9368 | D:6      | Found Waix's Magic Scroll Boutique.
  9422 | D:6      | Reached skill level 10 in Polearms
  9520 | D:6      | Bought a scroll of teleportation for 36 gold pieces
  9639 | D:6      | Found Zuporphe's Antique Weapon Boutique.
  9672 | D:6      | Found Boczoav's General Store.
 10148 | D:6      | HP: 16/69 [something (4)]
 10442 | D:5      | Reached skill level 7 in Dodging
 10768 | D:7      | Reached skill level 6 in Fighting
 10777 | D:7      | Reached ** piety under Okawaru
 10810 | D:7      | Reached skill level 5 in Spellcasting
 11202 | D:7      | Found a runed door.
 11364 | D:7      | HP: 8/69 [slime creature (18)]
 11365 | D:7      | HP: 2/69 [slime creature (6)]
 12166 | D:8      | Reached skill level 11 in Polearms
 12531 | D:8      | Reached skill level 8 in Dodging
 13050 | D:8      | Reached skill level 12 in Polearms
 13145 | D:8      | Found Luatas's Distillery.
 13288 | D:8      | Reached skill level 7 in Fighting
 13335 | D:8      | Found a burning altar of Makhleb.
 13378 | D:8      | Found a runed gate.
 13379 | D:8      | Found a runed gate.
 13382 | D:8      | Found a runed gate.
 13384 | D:8      | Noticed Nilihum's ghost (novice MfGl)
 13441 | D:8      | Reached *** piety under Okawaru
 13441 | D:8      | Reached skill level 9 in Dodging
 13441 | D:8      | Reached XP level 10. HP: 62/79 MP: 13/17
 13451 | D:8      | HP: 16/80 [slime creature (13)]
 14091 | D:7      | Reached skill level 8 in Fighting
 14322 | D:8      | Reached skill level 10 in Dodging
 14347 | D:8      | Reached **** piety under Okawaru
 15294 | D:9      | Reached skill level 9 in Fighting
 15644 | D:9      | Noticed Erolcha
 15781 | D:9      | Noticed Psyche
 15855 | D:9      | Found an opulent altar of Gozag.
 16366 | D:9      | Paralysed by Erolcha for 3 turns
 16412 | D:8      | Upgraded the game from 0.22-b1-26-g9dbaab1 to 0.22-b1-59-g0aedee7
 16630 | D:10     | Entered Level 10 of the Dungeon
 16633 | D:10     | Noticed a two-headed ogre
 16710 | D:9      | HP: 12/83 [Erolcha/giant club (15)]
 16727 | D:9      | Paralysed by Erolcha for 2 turns
 16733 | D:9      | Killed Erolcha
 16733 | D:9      | Reached ***** piety under Okawaru
 16733 | D:9      | Reached skill level 11 in Dodging
 16844 | D:9      | You fall through a shaft!
 16920 | D:10     | Killed a two-headed ogre
 16920 | D:10     | Reached skill level 13 in Polearms
 16920 | D:10     | Reached XP level 11. HP: 69/90 MP: 15/18
 16926 | D:10     | Noticed Snorg
 16945 | D:10     | Killed Snorg
 17037 | D:10     | Nilihum: ??snorg
 17037 | D:10     | beem: snorg[1/2]: A hairy troll who hits hard in melee. Her berserk will outlast yours by far, so if you plan to run, you'll want to haste.
 17037 | D:10     | Nilihum: ??snorg[2
 17037 | D:10     | beem: snorg[2/2]: // was Anita - 16jan2000 {dlb}
 17091 | D:10     | Reached skill level 10 in Fighting
 17109 | D:10     | Noticed a deep elf mage
 17123 | D:10     | Killed a deep elf mage
 17125 | D:10     | Noticed a deep elf mage
 17128 | D:10     | Noticed a deep elf mage
 17253 | D:10     | Noticed Joseph
 17273 | D:10     | Killed Joseph
 17319 | D:10     | Found a staircase to the Lair.
 17349 | D:10     | Reached skill level 14 in Polearms
 17504 | D:10     | Found a portal to a secret trove of treasure.
 17560 | D:10     | Noticed a deep elf mage
 17569 | D:10     | Killed a deep elf mage
 17569 | D:10     | Reached skill level 12 in Dodging
 17569 | D:10     | Reached skill level 1 in Invocations
 17585 | D:10     | Identified the Almanac of Combed Thunderclap
 17593 | D:10     | Identified the Grimoire of Axaxaxas mlö
 17600 | D:10     | Identified the Almanac of Sand
 17605 | D:10     | Learned a level 2 spell: Swiftness
 17644 | D:10     | Found a staircase to the Orcish Mines.
 17654 | D:10     | Received a gift from Okawaru
 17831 | D:10     | Noticed Erica
 17912 | D:9      | Nilihum: ??swiftness
 17912 | D:9      | beem: swiftness[1/2]: Level 2 Charms/Air. Swiftness has two stages of equal duration: the first decreases move delay by 25%, the second increases it by 50%. The duration for each stage is min(30,12+floor(random2(power)/2))*10 aut.
 18228 | D:10     | Killed Erica
 18228 | D:10     | Reached skill level 2 in Invocations
 18822 | Lair:1   | Entered Level 1 of the Lair of Beasts
 19104 | Lair:1   | Reached skill level 15 in Polearms
 19104 | Lair:1   | Reached skill level 3 in Invocations
 19136 | Lair:1   | Reached XP level 12. HP: 66/99 MP: 16/19
 19139 | Lair:1   | Received a gift from Okawaru
 19143 | Lair:1   | Got a warped short sword {god gift}
 19144 | Lair:1   | Identified the +11 short sword "Ycricw" {protect, *Drain +Fly rElec rF+} (Okawaru gifted it to you on level 1 of the Lair of Beasts)
 19593 | Lair:1   | Found a runed gate.
 19594 | Lair:1   | Found a runed gate.
 19594 | Lair:1   | Found a runed gate.
 19595 | Lair:1   | Noticed a death ooze
 19598 | Lair:1   | Found a viscous altar of Jiyva.
 19598 | Lair:1   | Noticed Nilihum's ghost (novice MfSk)
 19746 | Lair:2   | Reached skill level 4 in Invocations
 19772 | Lair:2   | Reached skill level 11 in Fighting
 19942 | Lair:2   | Nilihum: ??troll leather armour
 19942 | Lair:2   | beem: troll leather armour[1/1]: Speeds your regeneration by 0.4 HP per turn. All races but felids, draconians, and octopodes can wear this. 4AC, 4ER. Does not work on deep dwarves. Can be enchanted up to +4.
 20042 | Lair:2   | Nilihum: ??pain
 20042 | Lair:2   | beem: pain[1/3]: L1 necro spell, exclusive to the Book of Necromancy. Inflicts 1hp non-fatal damage on the caster. Does 1d(4 + pow/5) damage, with a limit of 25 power, and bypasses AC - but checks MR and only affects monsters without life protection, or players without torment immunity. You might've been looking for {pain brand}.
 20042 | Lair:2   | Nilihum: ??pain[2
 20042 | Lair:2   | beem: pain brand[1/2]: Brand which inflicts 1d(necromancy skill) extra damage on necro out of necro+1 successful hits. Does not affect those with rN (demons, undead, unliving, shadow dragons, holies). (For the record, a monster's necromancy skill is HD/2, HD if undead or demonic, 0 if mindless/animal). Begins to edge out {elec brand} at 10 skill.
 20042 | Lair:2   | Nilihum: ??pain[3
 20042 | Lair:2   | beem: pain[3/3]: Linley Henzell knows how to cause great amounts of this.
 20042 | Lair:2   | Nilihum: ??pain brand[2
 20042 | Lair:2   | beem: pain brand[2/2]: Available as a temp brand (Excruciating Wounds - L5 charms/necro; Unlife), only affixable via a one-time gift from Kiku.
 20044 | Lair:2   | Found a staircase to the Shoals.
 20131 | Lair:2   | Noticed a seven-headed hydra
 20254 | Lair:2   | Found a blossoming altar of Fedhas.
 20702 | Lair:3   | Reached skill level 16 in Polearms
 20702 | Lair:3   | Reached skill level 13 in Dodging
 20737 | Lair:3   | Received a gift from Okawaru
 20893 | Lair:3   | Found a hole to the Spider Nest.
 21016 | Lair:3   | Noticed a six-headed hydra
 21213 | Orc:1    | Entered Level 1 of the Orcish Mines
 21259 | Orc:1    | Reached skill level 5 in Invocations
 21490 | Orc:1    | Reached ****** piety under Okawaru
 22429 | Orc:2    | Entered Level 2 of the Orcish Mines
 22457 | Orc:2    | Noticed a two-headed ogre
 22469 | Orc:2    | Killed a two-headed ogre
 22705 | Orc:2    | Noticed a two-headed ogre
 22711 | Orc:2    | Killed a two-headed ogre
 22711 | Orc:2    | Received a gift from Okawaru
 22711 | Orc:2    | Reached skill level 17 in Polearms
 23048 | Orc:2    | Found Xygej's General Store.
 23051 | Orc:2    | Reached skill level 6 in Invocations
 23088 | Orc:2    | Reached XP level 13. HP: 107/107 MP: 20/20
 23154 | Orc:2    | Found Todit Rye's Weapon Boutique.
 23159 | Orc:2    | Gained mutation: Your magical capacity is low. (-10% MP) [a neqoxec]
 23347 | Orc:2    | Found a roughly hewn altar of Beogh.
 23444 | Orc:2    | Reached skill level 12 in Fighting
 23501 | Orc:2    | Reached skill level 14 in Dodging
 23826 | Orc:2    | Found a staircase to the Elven Halls.
 23918 | Orc:2    | Got an iridescent hand crossbow
 23973 | Orc:2    | Reached skill level 7 in Invocations
 23988 | Orc:2    | Reached skill level 18 in Polearms
 24064 | Orc:2    | Noticed an orc warlord
 24143 | Orc:2    | Killed an orc warlord
 24143 | Orc:2    | Received a gift from Okawaru
 24643 | Orc:2    | Found Zapun's Book Shop.
 24675 | Orc:2    | Found a roughly hewn altar of Beogh.
 24794 | Orc:2    | Nilihum: ??sun demon
 24794 | Orc:2    | beem: sun demon[1/2]: Made of suns. Hits very hard with fire damage, vulnerable to cold, speed 12!
 24794 | Orc:2    | Nilihum: ??sun demon[2
 24794 | Orc:2    | beem: sun demon[2/2]: So called because it is more than 4 billion meters in circumference.
 24903 | Orc:2    | Paralysed by an orc sorcerer for 6 turns
 25024 | Orc:2    | Noticed Saint Roka
 25158 | Orc:2    | HP: 20/109 [Saint Roka/divine providence (13)]
 25159 | Orc:2    | HP: 8/109 [Saint Roka/divine providence (12)]
 25375 | Orc:2    | Killed Saint Roka
 25375 | Orc:2    | Reached skill level 19 in Polearms
 25375 | Orc:2    | Reached skill level 8 in Invocations
 25375 | Orc:2    | Reached XP level 14. HP: 116/116 MP: 11/19
 25649 | Orc:2    | Found Comaril's Food Emporium.
 25807 | Orc:2    | Bought a book of Spatial Translocations for 1040 gold pieces
 25810 | Orc:2    | Learned a level 2 spell: Blink
 25961 | Lair:2   | Reached skill level 1 in Translocations
 26008 | Lair:2   | Reached skill level 2 in Translocations
 26164 | Lair:1   | Reached skill level 3 in Translocations
 26605 | Lair:3   | Noticed Rupert
 26637 | Lair:3   | Killed Rupert
 26637 | Lair:3   | Reached skill level 4 in Translocations
 26907 | Lair:3   | Reached skill level 5 in Translocations
 26989 | Lair:3   | Learned a level 4 spell: Passage of Golubria
 26989 | Lair:3   | Nilihum: ??passage of golubria
 26989 | Lair:3   | beem: passage of golubria[1/4]: A spell that lets you set up controlled teleport traps on the floor. Acts like the portal gun in Portal, but without the fancy physics. Something walks in one end and appears out the other, player and monsters included. Level 4 Tloc, in books of Spatial Translocations (Warper book), Warp and Burglary. Not affected by -Tele or stasis.
 26989 | Lair:3   | Nilihum: ??passage of golubria[2
 26989 | Lair:3   | beem: passage of golubria[2/4]: There is no limit on how many passages may be open at one time (but if more than two are open, a random exit will be chosen for you). After 40-50 turns, the passage will disappear (making a snapping noise in the process) so be careful if you were relying on it for escape.
 26989 | Lair:3   | Nilihum: ??passage of golubria[3
 26989 | Lair:3   | beem: passage of golubria[3/4]: sounds cool i don't know how you would use it
 26989 | Lair:3   | Nilihum: ??passage of golubria[4
 26989 | Lair:3   | beem: passage of golubria[4/4]: If you are already standing on a passage, you can step into it with > or <
 27092 | Lair:4   | Received a gift from Okawaru
 27264 | Lair:4   | Noticed an entropy weaver
 27341 | Lair:3   | Reached skill level 15 in Dodging
 27427 | Lair:3   | Killed an entropy weaver
 27427 | Lair:3   | Reached skill level 13 in Fighting
 27989 | Lair:4   | Noticed an entropy weaver
 28002 | Lair:4   | Killed an entropy weaver
 28681 | Lair:5   | Received a gift from Okawaru
 28681 | Lair:5   | Reached skill level 20 in Polearms
 28683 | Lair:5   | Got a fine shortbow {god gift}
 28737 | Lair:5   | Found a transporter.
 28737 | Lair:5   | Noticed Zygeom's ghost (journeyman MiFi)
 28739 | Lair:5   | Found a transporter.
 29034 | Lair:5   | Reached XP level 15. HP: 122/124 MP: 14/20
 29649 | Lair:6   | Entered Level 6 of the Lair of Beasts
 29688 | Lair:5   | Received a gift from Okawaru
 29930 | Lair:6   | Found a staircase to the Slime Pits.
 29948 | Lair:5   | Reached skill level 16 in Dodging
 30047 | Lair:6   | Reached skill level 21 in Polearms
 30539 | Lair:6   | Reached skill level 14 in Fighting
 30592 | Lair:5   | Nilihum: ??spiny frog
 30592 | Lair:5   | beem: spiny frog[1/3]: The far nastier brother of the blink frog, it rightfully earns its title as one of the toughest enemies in the Lair by having hard-hitting poisonous attacks and by being fairly tough itself. Kill or weaken it from afar if possible.
 30592 | Lair:5   | Nilihum: ??spiny frog[2
 30592 | Lair:5   | beem: spiny frog[2/3]: They succumb to hibernation very well, use it freely.
 30592 | Lair:5   | Nilihum: ??spiny frog[3
 30592 | Lair:5   | beem: spiny frog[3/3]: you should be more worried of those horny toads all they want to do is hump
 31199 | Lair:5   | Received a gift from Okawaru
 31204 | Lair:5   | Got a pair of brightly glowing gloves {god gift}
 31215 | Lair:5   | Identified the +2 pair of gloves of Awe {rF+ SInv} (Okawaru gifted it to you on level 5 of the Lair of Beasts)
 31596 | Lair:6   | Reached skill level 22 in Polearms
 32199 | Lair:6   | Got a slimy hand crossbow
 32562 | D:11     | Reached skill level 1 in Armour
 32626 | D:11     | Reached XP level 16. HP: 109/134 MP: 21/21
 32893 | D:11     | Reached skill level 2 in Armour
 33033 | D:11     | Found a hide-covered altar of Uskayaw.
 33649 | D:12     | Reached skill level 3 in Armour
 33693 | D:12     | Found Avairere's Assorted Antiques.
 33749 | D:12     | Bought a potion of heal wounds for 150 gold pieces
 33749 | D:12     | Bought a potion of heal wounds for 150 gold pieces
 33817 | D:12     | Found Gudgh's Changing Room.
 33949 | D:12     | Noticed Gastronok
 33966 | D:12     | Reached skill level 4 in Armour
 33976 | D:12     | Killed Gastronok
 34096 | D:12     | Noticed Azrael
 34197 | D:12     | HP: 24/134 [slime creature (15)]
 34472 | D:13     | Reached skill level 5 in Armour
 34537 | D:13     | HP: 33/134 [meliai/divine providence (12)]
 35068 | D:13     | Reached skill level 17 in Dodging
 35472 | D:14     | Found a sparkling altar of Nemelex Xobeh.
 35489 | D:14     | Received a gift from Okawaru
 35493 | D:14     | Found Xute's Weapon Emporium.
 35854 | D:14     | Noticed Agnes
 35863 | D:14     | Killed Agnes
 35863 | D:14     | Reached skill level 15 in Fighting
 35962 | D:14     | Noticed Kirke
 35969 | D:14     | Killed Kirke
 36108 | D:14     | Found a white marble altar of Elyvilon.
 36109 | D:14     | Found a runed door.
 36461 | D:14     | Found a gate to the Vaults.
 36496 | D:15     | Entered Level 15 of the Dungeon
 36503 | D:15     | Received a gift from Okawaru
 36662 | D:15     | Reached skill level 18 in Dodging
 36786 | D:15     | HP: 28/136 [flayed ghost/flay_damage (14)]
 36888 | D:15     | Got a glittering glass ring
 37047 | D:15     | Found a staircase to the Depths.
 37117 | D:14     | Identified the cursed ring of Doseapn {rPois EV-2} (You found it on level 15 of the Dungeon)
 37186 | D:15     | Nilihum: ??flay
 37186 | D:15     | beem: flayed ghost[1/3]: Flayed ghosts can deal smite-targeted, irresistible, torment-like damage that heals when the ghost is killed or you stay away from it for a while. Flaying won't reduce HP below 25.
 37186 | D:15     | Nilihum: ??flay[2
 37186 | D:15     | beem: flayed ghost[2/3]: Flay damage is 6% of Max HP + 18% of Current HP; unless the amount of damage it would deal is more than (HP - (25 + random2(15))); in which case it deals that amount of damage instead; unless (HP - (25 + random2(15))) < 0; in which case it does nothing. Sorry I can't say it any simpler than that.
 37186 | D:15     | Nilihum: ??flay[3
 37186 | D:15     | beem: flayed ghost[3/3]: !lg ldf killer=flayed_ghost 1
 37186 | D:15     | Nilihum: ??flayed ghost
 37186 | D:15     | beem: flayed ghost[1/3]: Flayed ghosts can deal smite-targeted, irresistible, torment-like damage that heals when the ghost is killed or you stay away from it for a while. Flaying won't reduce HP below 25.
 37186 | D:15     | Nilihum: ??flayed ghost[2
 37186 | D:15     | beem: flayed ghost[2/3]: Flay damage is 6% of Max HP + 18% of Current HP; unless the amount of damage it would deal is more than (HP - (25 + random2(15))); in which case it deals that amount of damage instead; unless (HP - (25 + random2(15))) < 0; in which case it does nothing. Sorry I can't say it any simpler than that.
 37540 | Shoals:1 | Entered Level 1 of the Shoals
 37854 | Shoals:1 | Got a transparent quarterstaff
 37906 | Shoals:1 | Reached XP level 17. HP: 143/144 MP: 22/22
 37998 | Shoals:1 | Nilihum: ??shoals
 37998 | Shoals:1 | beem: shoals[1/4]: Lair branch that can replace {Swamp}. It has tides, merfolk (including javelineers and aquamancers), {kraken}, snapping turtles, sea snakes, cyclopes, and harpies. It is 4 levels deep and has the barnacled rune at the end.
 37998 | Shoals:1 | Nilihum: ??shoals[2
 37998 | Shoals:1 | beem: shoals[2/4]: The water level in the Shoals rises and falls over time. This can make fully exploring this branch take a while if you don't have flight! On the other hand, you can use it to your advantage by waiting to go by a {kraken} or other dangerous water monster until low tide. You cannot drown just by standing near deep water.
 37998 | Shoals:1 | Nilihum: ??shoals[3
 37998 | Shoals:1 | beem: shoals[3/4]: The only monsters that see invisible in here are some uniques (not ilsuiw or polyphemus), water nymphs, merfolk aquamancers, and bats.
 37998 | Shoals:1 | Nilihum: ??shoals[4
 37998 | Shoals:1 | beem: shoals[4/4]: most of the game I'm like "this would be way better if I were slipping and fumbling"
 38299 | Shoals:1 | Received a gift from Okawaru
 38299 | Shoals:1 | Reached skill level 16 in Fighting
 38572 | Shoals:2 | Noticed Polyphemus
 38701 | Shoals:2 | HP: 35/144 [Polyphemus (5)]
 39248 | Shoals:2 | Killed Polyphemus
 39248 | Shoals:2 | Reached skill level 6 in Armour
 39271 | Shoals:2 | Got a transparent crystal plate armour
 39272 | Shoals:2 | Identified the +9 crystal plate armour of Restlessness {rElec MR+ Int-3 SInv} (You found it on level 2 of the Shoals)
 39399 | Shoals:2 | Reached skill level 6 in Charms
 40335 | Shoals:3 | Reached skill level 7 in Armour
 40477 | Shoals:3 | Received a gift from Okawaru
 40526 | Shoals:3 | Reached skill level 7 in Charms
 41180 | Shoals:3 | HP: 21/144 [satyr/sling bullet (19)]
 41454 | Shoals:4 | Entered Level 4 of the Shoals
 41500 | Shoals:4 | Reached skill level 8 in Armour
 41513 | Shoals:3 | Received a gift from Okawaru
 41780 | Shoals:4 | Reached skill level 8 in Charms
 41975 | Shoals:4 | Got a scintillating copper ring
 41976 | Shoals:4 | Identified the ring of Fixation {Fire MR+ Str+2} (You took it off a merfolk javelineer on level 4 of the Shoals)
 42053 | Shoals:4 | Noticed Ilsuiw
 42147 | Shoals:4 | Noticed Louise
 42267 | Shoals:4 | Nilihum: ??silver
 42267 | Shoals:4 | beem: silver[1/2]: +5% damage per mutation, not counting racial mutations except for demonspawns' (up to +75%); +75% vs chaotic things (marked as such in their description) including shapeshifters, mutators, ugly things, abominations, Tiamat, Killer Klowns, apocalypse crabs, chaos spawns, demonspawn enemies, orbs of fire, the royal jelly.
 42267 | Shoals:4 | Nilihum: ??silver[2
 42267 | Shoals:4 | beem: silver[2/2]: The purple draconian throws a silver dart. The silver dart misses you. The silver dart hits the orb of fire. The silver sears the orb of fire! The orb of fire is destroyed!
 42429 | Shoals:4 | Got a barnacled rune of Zot
 42720 | Spider:1 | Entered Level 1 of the Spider Nest
 42855 | Lair:3   | Reached XP level 18. HP: 129/151 MP: 20/22
 42924 | Spider:1 | Reached skill level 9 in Armour
 43036 | Spider:1 | Nilihum: ??ood
 43036 | Spider:1 | beem: orb of destruction[1/8]: Iskenderun's Orb of Destruction - level 7 pure conjuration homing missile spell. Moves at speed 30 with inertia - if something casts this at you, sidestep, but watch out behind you! It does less damage at short range; at melee range it only does about half damage. Only in the book of Power and randart books.
 43036 | Spider:1 | Nilihum: ??ood[2
 43036 | Spider:1 | beem: orb of destruction[2/8]: Monsters with shields might block the orbs. If two orbs collide they will explode with radius 1 and Gong-level noise (40). Orbs that haven't travelled more than one square dissipate instead of exploding.
 43036 | Spider:1 | Nilihum: ??ood[3
 43036 | Spider:1 | beem: orb of destruction[3/8]: Does 9d(pow / 4) damage, but power gets an extra stepdown and will never exceed 87. Power is further reduced by 50/30/10 percent if the orb has only traveled 1/2/3 spaces.
 43036 | Spider:1 | Nilihum: ??ood[4
 43036 | Spider:1 | beem: orb of destruction[4/8]: OODs are not quantized! A new OOD is generated on the caster's position, aimed at the exact trajectory toward its destination, then perturbed in both position (0.25 of a tile left or right perpendicular to its direction) and angle. Finally it is advanced one move and then loses energy (1, 1.5 or 2 moves' worth). OODs made in bulk spread further.
 43036 | Spider:1 | Nilihum: ??ood[5
 43036 | Spider:1 | beem: orb of destruction[5/8]: The maximum angle perturbation decreases with spell power. 50: +/-46.3 deg 75: +/-31.8 deg 100: +/-24.1 deg 150: +/-16.2 deg 200: +/-12.2 deg (if the caster is wearing amulet of inaccuracy, halve spell power first)
 43036 | Spider:1 | Nilihum: ??ood[6
 43036 | Spider:1 | beem: orb of destruction[6/8]: Enemy OODs obey movement energy randomization, which is a large effect compared to the low energy required to move, so they will feel 'swingy'.
 43036 | Spider:1 | Nilihum: ??ood[7
 43036 | Spider:1 | beem: orb of destruction[7/8]: Homing: If the OOD's target is dead or submerged or it is the first move of a bulk OOD spawn, keep trajectory. Otherwise, if you're more than 17 degrees left or right compared to its (float) trajectory and (float) position, it will adjust its angle by 33.4 degrees.
 43036 | Spider:1 | Nilihum: ??ood[8
 43036 | Spider:1 | beem: orb of destruction[8/8]: En passant: If an OOD is one tile away and you diagonally step past to dodge, it hits anyway! Or at least sometimes it will. Besides being tile-adjacent before and after, the angle between OOD real position-target position and OOD trajectory has to be within 97 degrees, and you can't see exact values, so sometimes it doesn't kick in.
 43108 | Spider:1 | Reached skill level 9 in Charms
 43261 | Spider:1 | You fall through a shaft!
 43366 | Spider:1 | Found a runed gate.
 43367 | Spider:1 | Found a runed gate.
 43367 | Spider:1 | Found a runed gate.
 43367 | Spider:1 | Noticed Qoxzaag's ghost (adept MfGl)
 44744 | Spider:3 | Got a steaming robe
 45053 | Spider:4 | Entered Level 4 of the Spider Nest
 45235 | Spider:4 | Received a gift from Okawaru
 45259 | Spider:4 | Identified the +2 robe "Piobb" {rPois rF- Stlth+} (You found it on level 3 of the Spider Nest)
 45417 | Spider:4 | Reached skill level 10 in Armour
 45588 | Spider:4 | Reached skill level 10 in Charms
 45618 | Spider:4 | HP: 29/151 [wolf spider (11)]
 45621 | Spider:4 | HP: 13/151 [wolf spider (14)]
 45621 | Spider:4 | HP: 4/151 [wolf spider (9)]
 45771 | Spider:4 | Nilihum: ??wolk spider
 45771 | Spider:4 | beem: wolk spider ~ wolf spider[1/1]: Like a tougher {trapdoor spider}, except without the traps or doors, except not anymore since trapdoors were removed. So, like a tougher {redback spider} with weaker poison? I guess?
 46352 | Spider:4 | HP: 37/151 [poisoned by a wolf spider]
 46357 | Spider:4 | HP: 28/151 [poisoned by a wolf spider]
 46362 | Spider:4 | HP: 20/151 [poisoned by a wolf spider]
 46367 | Spider:4 | HP: 21/151 [poisoned by a wolf spider]
 46371 | Spider:3 | HP: 6/151 [wolf spider (13)]
 46376 | Spider:3 | HP: 21/151 [poisoned by a wolf spider]
 46381 | Spider:3 | HP: 25/151 [poisoned by a wolf spider]
 46389 | Spider:3 | HP: 32/151 [poisoned by a wolf spider]
 47172 | Spider:4 | Got a gossamer rune of Zot
 47965 | Vaults:1 | Entered Level 1 of the Vaults
 47966 | Vaults:1 | Upgraded the game from 0.22-b1-59-g0aedee7 to 0.22.0
 47969 | Vaults:1 | Found Vabofadu's Food Shoppe.
 47982 | Vaults:1 | Reached skill level 23 in Polearms
 48385 | Vaults:1 | Received a gift from Okawaru
 48388 | Vaults:1 | Got an ichor-stained glaive {god gift}
 48389 | Vaults:1 | Identified the +4 glaive of Irehoqun {chop, Dex+6} (Okawaru gifted it to you on level 1 of the Vaults)
 48469 | Vaults:1 | Reached XP level 19. HP: 121/159 MP: 23/23
 48670 | Vaults:1 | HP: 38/159 [yaktaur/bolt[a yaktaur captain] (20)]
 49270 | D:14     | Received a gift from Okawaru
 49430 | Vaults:1 | Got a jewelled plate armour
 49702 | Vaults:1 | HP: 38/159 [flayed ghost/flay_damage (19)]
 49715 | Vaults:1 | Reached skill level 24 in Polearms
 50044 | Vaults:1 | Reached skill level 17 in Fighting
 50337 | Vaults:1 | Reached skill level 19 in Dodging
 50501 | Vaults:1 | Received a gift from Okawaru
 50707 | Vaults:1 | Identified the +6 plate armour "Gentigi" {Regen+ Dex+4} (You found it on level 1 of the Vaults)
 52097 | Vaults:2 | Paralysed by an ogre mage for 6 turns
 52147 | Vaults:2 | Noticed Frederick
 52148 | Vaults:2 | Nilihum: ??frederick
 52148 | Vaults:2 | beem: frederick[1/3]: A svelte fighter-mage demigod, wearing a gold-rimmed monocle. Spells include: mystic blast, bolt of cold, iron shot, and {spellforged servitor}. Formerly known as Adolf.
 52148 | Vaults:2 | Nilihum: ??frederick[2
 52148 | Vaults:2 | Nilihum: ??frederick[3
 52708 | Vaults:2 | Received a gift from Okawaru
 52711 | Vaults:2 | Got a pair of spiked gloves {god gift}
 52722 | Vaults:2 | Identified the +0 pair of gloves of the Shoals {rElec Dex+3} (Okawaru gifted it to you on level 2 of the Vaults)
 52771 | Vaults:2 | Reached skill level 25 in Polearms
 52958 | Vaults:2 | Reached XP level 20. HP: 167/168 MP: 24/24
 53520 | Vaults:2 | Nilihum: ??frederick[2
 53520 | Vaults:2 | beem: frederick[2/3]: that was anticlimatic mr. casts spells at the same strength as cerebov
 53520 | Vaults:2 | Nilihum: ??frederick[3
 53520 | Vaults:2 | beem: frederick[3/3]: Here he goes. One of God's own prototypes. A high-powered mutant of some kind never even considered for mass production. Too weird to live, and too rare to die...
 53554 | Vaults:2 | Killed Frederick
 54062 | Vaults:3 | Found a staircase to the Crypt.
 55014 | Vaults:2 | HP: 23/170 [two-headed ogre/giant club[an ironheart preserver] (30)]
 55019 | Vaults:2 | HP: 9/170 [two-headed ogre/giant club[an ironheart preserver] (13)]
 55040 | Vaults:2 | HP: 16/170 [yaktaur captain/bolt (18)]
 55087 | Vaults:2 | HP: 32/170 [yaktaur captain/bolt (19)]
 55548 | Vaults:3 | Reached skill level 20 in Dodging
 55775 | Vaults:3 | Reached skill level 18 in Fighting
 55809 | Vaults:3 | Found a shadowy altar of Dithmenos.
 55865 | Vaults:3 | Reached skill level 26 in Polearms
 56290 | Vaults:3 | HP: 23/170 [ettin/dire flail (27)]
 57609 | Vaults:3 | Received a gift from Okawaru
 57626 | Vaults:3 | Identified the +6 battleaxe "Inyjema" {venom, rC+} (Okawaru gifted it to you on level 3 of the Vaults)
 58266 | Vaults:4 | Reached XP level 21. HP: 166/178 MP: 25/25
 59716 | Vaults:4 | Reached skill level 27 in Polearms
 59986 | Vaults:4 | Reached skill level 1 in Hexes
 60002 | Vaults:3 | Received a gift from Okawaru
 60116 | Vaults:3 | Reached skill level 2 in Hexes
 60341 | Vaults:4 | HP: 43/178 [yaktaur/bolt[a vault warden] (15)]
 60349 | Vaults:4 | HP: 37/178 [yaktaur/bolt[a vault warden] (11)]
 60711 | Vaults:3 | Reached skill level 21 in Dodging
 60711 | Vaults:3 | Reached skill level 3 in Hexes
 60810 | Vaults:4 | Found Umodd's Magic Scroll Emporium.
 60814 | Vaults:4 | Bought a scroll of fear for 45 gold pieces
 60814 | Vaults:4 | Bought a scroll of teleportation for 39 gold pieces
 61101 | Vaults:4 | Received a gift from Okawaru
 61101 | Vaults:4 | Reached skill level 4 in Hexes
 61119 | Vaults:4 | Reached skill level 19 in Fighting
 61561 | Vaults:4 | Got a bound glass ring
 61912 | Vaults:4 | Reached skill level 5 in Hexes
 62530 | Depths:1 | Entered Level 1 of the Depths
 62556 | Depths:1 | Nilihum: ??depths
 62556 | Depths:1 | beem: depths[1/1]: Found on the last floor of D, its five floors hold the Zot entrance on Depths:5, a portal to Hell on U:2, Pan on U:3, Abyss on U:4, and a Ziggurat on one of the floors.
 62662 | Depths:1 | Identified the ring of Vijooguosh {*Drain rN+ Dex+2 Slay+4} (You took it off an ironheart preserver on level 4 of the Vaults)
 62733 | Depths:1 | Reached skill level 1 in Throwing
 62907 | Depths:1 | Nilihum: ??stone
 62907 | Depths:1 | beem: stone[1/1]: (throwing; 2 dam / 1.1 base delay / 0.7 min delay). A small chunk of dense but otherwise unremarkable natural material. It can be thrown or launched with a sling.
 63130 | Depths:1 | Reached skill level 2 in Throwing
 63513 | D:15     | Learned a level 4 spell: Cause Fear
 63736 | Orc:2    | Bought a book of Dreams for 1200 gold pieces
 63743 | Orc:2    | Learned a level 5 spell: Silence
 64057 | Depths:1 | HP: 18/180 [fire dragon/blast of flame (35)]
 64058 | Depths:1 | HP: 3/180 [fire dragon/blast of flame (16)]
 64655 | Depths:1 | Reached XP level 22. HP: 177/188 MP: 27/27
 64741 | Depths:1 | Reached skill level 6 in Hexes
 64924 | Depths:1 | Got a faintly glowing longbow
 65217 | Depths:1 | Found a gateway to Hell.
 65539 | Depths:1 | Reached skill level 6 in Spellcasting
 66069 | Depths:2 | Noticed a juggernaut
 66118 | Depths:2 | Nilihum: ??juggernaut
 66118 | Depths:2 | beem: juggernaut[1/1]: They hit extremely hard (120 max damage!) and have very high AC and HP. They also move fast. However, they swing very slowly. Make the most of the time you get after a swing.
 66196 | Depths:2 | Reached skill level 7 in Hexes
 66198 | Depths:2 | Got a transparent bronze ring
 66316 | Depths:2 | Identified the ring "Qirekod" {Wiz *Slow Str+2 Int+2 Stlth+} (You took it off a frost giant on level 2 of the Depths)
 66581 | Depths:2 | Reached skill level 7 in Spellcasting
 66783 | Depths:2 | Nilihum: ??passwall
 66783 | Depths:2 | beem: passwall[1/4]: Allows passing through diggable wall/statues with a free turn (useful for guaranteed stabbing) on the other side. Delay before passing is 2+distance turns and is not stopped if attacked. Range is 1-13 based on earth/spell power; guaranteed minimum is 1+earth/8 tiles (max of 4, at skill 24). In 0.15, range is based purely on spellpower.
 66783 | Depths:2 | Nilihum: ??passwall[2
 66783 | Depths:2 | beem: passwall[2/4]: You begin to meditate on the wall. You continue meditating on the rock. (x3) You finish merging with the rock. You fall into the water! You drown... Your meditation is interrupted.
 66783 | Depths:2 | Nilihum: ??passwall[3
 66783 | Depths:2 | beem: passwall[3/4]: Passwall fails if you would end up in lava or deep water (unless you can survive in these enviroments).
 66783 | Depths:2 | Nilihum: ??passwall[4
 66783 | Depths:2 | beem: passwall[4/4]: You begin to meditate on the wall. You continue meditating on the rock. You continue meditating on the rock. You finish merging with the rock. You die... Fedhas appreciates your contribution to the ecosystem.
 66945 | Depths:2 | Found a one-way gate to the infinite horrors of the Abyss.
 66956 | Depths:2 | Noticed a juggernaut
 67005 | Depths:2 | Reached skill level 8 in Hexes
 67106 | Depths:2 | Killed a juggernaut
 67106 | Depths:2 | Received a gift from Okawaru
 67319 | Depths:2 | Killed a juggernaut
 67321 | Depths:2 | HP: 33/188 [battlesphere[a tengu reaver] (16)]
 67322 | Depths:2 | Killed from afar by a tengu reaver

Skill      XL: |  1  2  3  4  5  6  7  8  9 10 11 12 13 14 15 16 17 18 19 20 21 22 |
---------------+-------------------------------------------------------------------+-----
Dodging        | 3 4 5 6 9 11 12 13 14 15 16 18 19 20 21 | 21.9
Polearms       | 4 5 6 7 9 12 13 15 17 19 20 22 23 25 26 27 | 27.0
Fighting       | 3 4 5 7 9 10 11 12 13 14 15 16 17 18 19 | 19.6
Charms         | 4 5 8 10 | 10.0
Spellcasting   | 3 4 5 7 |  7.0
Invocations    | 3 6 8 |  8.1
Translocations | 5 |  5.0
Armour         | 1 5 8 10 | 10.7
Hexes          | 5 8 |  8.0
Throwing       | 2 |  2.9

Action                   |  1- 3 |  4- 6 |  7- 9 | 10-12 | 13-15 | 16-18 | 19-21 | 22-24 || total
-------------------------+-------+-------+-------+-------+-------+-------+-------+-------++-------
Melee: Spear             |   163 |   277 |   938 |    19 |       |       |       |       ||  1397
       Tailslap          |       |       |     3 |     3 |    18 |    45 |     1 |       ||    70
       Halberd           |       |       |    65 |   630 |       |       |       |       ||   695
       Glaive            |       |       |       |   206 |  1484 |  1365 |       |       ||  3055
       Bardiche          |       |       |       |       |       |   654 |  1847 |   250 ||  2751
Throw: Tomahawk          |       |       |       |   148 |   246 |    42 |       |       ||   436
       Javelin           |       |       |       |       |       |       |     6 |     6 ||    12
 Cast: Infusion          |     4 |    12 |    14 |     7 |     1 |     4 |     5 |       ||    47
       Shroud of Golubri |       |     2 |       |     1 |       |     2 |     2 |       ||     7
       Spectral Weapon   |       |     6 |    37 |    44 |    23 |    34 |    41 |    11 ||   196
       Regeneration      |       |       |       |     2 |     1 |    11 |     5 |     2 ||    21
       Swiftness         |       |       |       |     1 |       |     1 |     8 |       ||    10
       Passage of Golubr |       |       |       |       |     1 |       |       |       ||     1
       Blink             |       |       |       |       |     2 |    10 |    25 |     1 ||    38
Invok: Finesse           |       |       |       |       |     4 |     4 |     1 |     4 ||    13
       Heroism           |       |       |       |       |       |       |     1 |       ||     1
 Abil: Stop Flying       |       |       |       |       |     1 |       |       |       ||     1
Evoke: Wand              |       |       |       |       |       |     2 |       |       ||     2
  Use: Scroll            |       |     7 |     8 |    11 |     9 |    35 |    12 |     6 ||    88
       Potion            |       |     5 |     6 |     4 |     3 |     6 |     5 |       ||    29
 Stab: Sleeping          |     1 |     1 |     2 |       |     2 |       |       |       ||     6
       Invisible         |       |       |     4 |       |       |     5 |       |       ||     9
       Distracted        |       |       |     3 |     2 |     5 |     4 |    12 |     2 ||    28
  Eat: Chunk             |     2 |     9 |    15 |    21 |    22 |    31 |    40 |     2 ||   142
       Ration            |       |     1 |     5 |     4 |     3 |     7 |     5 |     2 ||    27
Armor: Leather armour    |    24 |    40 |    95 |     5 |       |       |       |       ||   164
       Skin              |       |       |       |    23 |       |       |       |       ||    23
       Troll leather arm |       |       |       |    97 |   223 |   457 |       |       ||   777
       Ice dragon scales |       |       |       |       |       |    54 |   581 |    53 ||   688
Dodge: Dodged            |    73 |   131 |   376 |   679 |  1232 |  1696 |   974 |   104 ||  5265

Vault maps used:
D:1:      dpeg_arrival_lava_temple_mockup
D:3:      st_stairs_13, uniq_terence
D:4:      first_ration
D:5:      minitemple, minmay_overflow_temple_star_quad,
          minmay_temple_entry_statues_pillars, gup_sewer_entry_glass,
          gammafunk_ghost_mausoleum, minmay_misc_feat_roman,
          minmay_hollow_rounded_squares
D:6:      serial_shops, shop, kennysheep_mini_moat, shop,
          hangedman_decor_riveting
D:7:      uniq_crazy_yiuf_cottage
D:8:      lightli_temple_of_fire, serial_shops, nicolae_shop_crystal,
          gammafunk_ghost_spectres, the_bakery, nicolae_looking_at_the_future
D:9:      grunt_gozag_statues, uniq_erolcha, uniq_psyche
D:10:     erik_lair_orcish_takeover, david_orc_2, nicolae_trove_entry_crystal,
          bh_hangedman_babel_library, uniq_erica, uniq_snorg, uniq_joseph
D:11:     basic_altar, serial_bayou, serial_bayou_shore_b,
          serial_bayou_crossing, serial_bayou_lagoon_b, serial_bayou_pond_e,
          roderic_lattice_a
D:12:     serial_shops, shop, nicolae_transmutations_shop, uniq_azrael,
          uniq_gastronok
D:13:     minmay_holes
D:14:     david_vaults_5, minivault_19, serial_shops, shop, basic_altar,
          lemuel_angel_altar, uniq_agnes, uniq_kirke
D:15:     gammafunk_depths_entry_grave, minmay_misc_feat_tiny
Temple:   jpeg_temple_clearing
Lair:1:   gammafunk_ghost_ooze, minivault_24
Lair:2:   elwin_shoals_entry_rooms, tgw_fedhas
Lair:3:   nicolae_spider_entry_orb_guardian, forest_entry_grove, uniq_rupert
Lair:4:   nicolae_quartered_pool_super, minivault_29, serial_bayou_shore_b
Lair:5:   lab_entry_generic, gammafunk_ghost_arena, wad_woods_road_03
Lair:6:   minmay_lair_end_frog_pond, slime_dummy
Shoals:2: uniq_polyphemus
Shoals:4: shoals_end_grunt_garden, shoal_ilsuiw, serial_shops, shop,
          hangedman_shoals_cup_caves, uniq_louise
Spider:1: gammafunk_ghost_necromancy
Spider:3: nicolae_spider_webbed_stairs
Spider:4: grunt_spider_rune_parallel, nicolae_spider_webs_and_nodes
Orc:1:    nicolae_volcano_entry_s_turn
Orc:2:    pubby_orc_utopia, uniq_saint_roka
Vaults:1: ontoclasm_vaults_decontamination, nicolae_vaults_little_squares_3,
          vaults_mumra_lcd, v_alt_pattern_2, hangedman_vaults_restitches,
          vaults_room_octagon, hangedman_vaults_stitches, hangedman_vaults_hat,
          st_more_cells, nicolae_vaults_asterisk, ontoclasm_vaults_twist,
          v_misc_5, serial_shops, shop_fountains
Vaults:2: ontoclasm_vaults_shout, vaults_room_large_hall, vaults_mumra_hexcomb,
          vaults_mumra_chevron, nicolae_vaults_ninety_degrees,
          hangedman_vaults_restitches, vaults_room_corners, uniq_frederick
Vaults:3: v_rooms_5, ontoclasm_vaults_ring_large, vaults_room_grid,
          nicolae_vaults_triangles, grunt_vaults_hallway_long,
          ontoclasm_vaults_spin, minmay_crypt_entry_simple_statues,
          vaults_room_boxed, v_rooms_5, vaults_room_pool, serial_ice_b,
          st_lattice, vaults_dpeg_diagonal, basic_altar
Vaults:4: nicolae_vaults_angled_halls, st_greater_box_1,
          nicolae_vaults_rhombus_5, vaults_mumra_hex, v_misc_26, v_rooms_4,
          nicolae_vaults_little_ls, hangedman_vaults_maws, v_pattern_1,
          hangedman_vaults_variations, vaults_dpeg_cross, serial_shops, shop
Depths:1: grunt_hell_entry_dis_mu, serial_sigils_hangedman_scar,
          corner_web_ring, minmay_variable_closet, lightli_minifort
Depths:2: minmay_glassy_protrusions, small_statue_intersection,
          pf_dread_powers_of_hell, hangedman_abyss_entry_splay, minivault_16,
          nrook_mini_backslash, minmay_swirly_circle, serial_bayou_shore_b,
          minmay_staircase_statues, serial_bayou_shore_b
Sewer:    sewer_co_scattered_pipes

Table legend:
 A = Turns spent in this place as a percentage of turns spent in the entire game.
 B = Non-inter-level travel turns spent in this place as a percentage of non-inter-level travel turns spent in the entire game.
 C = Inter-level travel turns spent in this place as a percentage of turns spent in this place.
 D = Turns resting spent in this place as a percentage of non-inter-level travel turns spent in this place.
 E = Turns spent auto-exploring this place as a percentage of non-inter-level travel turns spent in this place.
 F = Non-inter-level travel turns spent in this place divided by the number of levels of this place that you've seen.
                   A       B       C       D       E      F
               +-------+-------+-------+-------+-------+----------------------
         Total | 100.0 | 100.0 |   5.6 |  34.5 |  29.2 | 1630.2
       Dungeon |  36.5 |  36.5 |   5.6 |  41.9 |  34.3 | 1546.3
        Temple |   0.2 |   0.2 |  11.0 |   0.0 |  92.8 |  97.0
          Lair |  14.6 |  13.9 |  10.3 |  20.7 |  41.3 | 1469.3
        Shoals |   7.2 |   7.3 |   3.9 |  26.3 |  15.0 | 1164.2
   Spider Nest |   6.7 |   6.7 |   4.7 |  20.5 |  37.6 | 1071.0
  Orcish Mines |   7.0 |   6.9 |   7.1 |  17.8 |  37.7 | 2179.5
        Vaults |  20.6 |  21.0 |   3.9 |  44.9 |  15.0 | 3340.5
        Depths |   6.1 |   6.3 |   1.5 |  36.6 |  17.6 | 2018.0
         Sewer |   1.1 |   1.2 |   0.0 |   0.4 |  24.4 | 774.0
               +-------+-------+-------+-------+-------+----------------------

Table legend:
 A = Kills in this place as a percentage of kills in entire the game.
 B = Kills by you in this place as a percentage of kills by you in the entire game.
 C = Kills by friends in this place as a percentage of kills by friends in the entire game.
 D = Other kills in this place as a percentage of other kills in the entire game.
 E = Experience gained in this place as a percentage of experience gained in the entire game.
 F = Experience gained in this place divided by the number of levels of this place that you have seen.
                   A       B       C       D       E      F
               +-------+-------+-------+-------+-------+----------------------
         Total | 100.0 | 100.0 | 100.0 | 100.0 | 100.0 | 16693.0
       Dungeon |  25.6 |  25.7 |   0.0 |   0.0 |  12.2 | 5309.5
          Lair |  17.3 |  17.3 |   0.0 |   0.0 |  13.2 | 14268.8
        Shoals |   7.0 |   6.9 |   0.0 |  50.0 |   9.5 | 15534.2
   Spider Nest |   9.1 |   9.0 |  50.0 |  50.0 |   8.9 | 14432.5
  Orcish Mines |  12.3 |  12.3 |   0.0 |   0.0 |   4.8 | 15615.0
        Vaults |  22.7 |  22.8 |   0.0 |   0.0 |  39.4 | 64157.8
        Depths |   4.7 |   4.6 |  50.0 |   0.0 |  12.0 | 38998.5
         Sewer |   1.3 |   1.3 |   0.0 |   0.0 |   0.0 |  46.0
               +-------+-------+-------+-------+-------+----------------------
